 Dungeon Crawl Stone Soup version 0.18-a0-1292-ge8ad84c (webtiles) character file.

17090 MrRokkomies the Covert (level 12, -8/73 HPs)
             Began as a Spriggan Abyssal Knight on Feb 10, 2016.
             Was an Elder of Lugonu.
             Mangled by a minotaur
             ... wielding a cursed +0 iron rod (3/9)
              (25 damage)
             ... in a labyrinth.
             The game lasted 00:40:56 (17726 turns).

MrRokkomies the Covert (Spriggan Abyssal Knight)   Turns: 17726, Time: 00:40:56

Health: -8/73      AC:  9    Str: 15    XL:     12   Next: 15%
Magic:  20/20      EV: 35    Int: 19    God:    Lugonu [****..]
Gold:   845        SH:  0    Dex: 20    Spells: 3 memorised, 2 levels left

rFire  . . .     SeeInvis +     a - +3 dagger (venom)
rCold  + . .     Gourm    .     j - +1 robe
rNeg   . . .     Faith    .     (shield restricted)
rPois  +         Spirit   .     (helmet restricted)
rElec  .         Dismiss  .     E - +0 cloak
rCorr  .         Reflect  .     (gloves unavailable)
SustAt .         Harm     .     (boots unavailable)
MR     ++...                    (no amulet)
Stlth  ..........               J - +2 ring of protection
                                n - +3 ring of protection

@: agile, berserking, very slightly contaminated, hasted, repel missiles, very
quick, very resistant to hostile enchantments, extremely unstealthy
A: unfitting armour, horns 1, see invisible, cold resistance 1, herbivore 3,
speed 3, frail 2, poison resistance, slow metabolism 2, strong 1
a: Depart the Abyss, Bend Space, Banish, Corrupt, Renounce Religion


You were in a labyrinth.
You worshipped Lugonu.
Lugonu was greatly pleased with you.
You were not hungry.

You visited 2 branches of the dungeon, and saw 14 of its levels.
You visited the Abyss 1 time.
You also visited: Labyrinth and Volcano.

You collected 845 gold pieces.

Inventory:

Hand Weapons
 a - a +3 dagger of venom (weapon)
 b - a +0 shortbow
 o - a +0 dagger of electrocution
 q - a +1 falchion of flaming
Missiles
 d - 49 poisoned needles
 k - 128 arrows
 s - 4 curare-tipped needles
Armour
 j - a +1 robe (worn)
 E - a +0 cloak (worn)
Rods
 F - a +0 rod of ignition (10/10)
   (You found it on level 9 of the Dungeon)
Jewellery
 n - a +3 ring of protection (left hand)
 C - a +2 ring of evasion
 J - a +2 ring of protection (right hand)
Wands
 v - a wand of teleportation (6/9)
 w - a wand of paralysis (6/24)
 y - a wand of lightning (7/15)
 z - a wand of flame (22/48)
 D - a wand of iceblast (11/15)
 H - a wand of paralysis (2/24)
 I - a wand of enslavement (13/24)
 M - a wand of acid (8/15)
Scrolls
 e - 5 scrolls of enchant weapon
 f - 2 scrolls of immolation
 h - 6 scrolls of remove curse
 i - 5 scrolls of identify
 p - 3 scrolls of enchant armour
 r - 2 scrolls of magic mapping
 A - 4 scrolls of teleportation
 B - 2 scrolls of amnesia
Potions
 g - a potion of ambrosia
 l - 2 potions of haste
 t - a potion of agility
 x - 2 potions of cure mutation
 G - a potion of cancellation
 L - a potion of magic
 O - a potion of curing
 P - a potion of berserk rage
Books
 m - a book of Callings

   Spells                             Type                      Level
   a - Summon Small Mammal            Summoning                    1
   b - Call Imp                       Summoning                    2
   c - Call Canine Familiar           Summoning                    3
   d - Summon Guardian Golem          Hexes/Summoning              3
   e - Summon Lightning Spire         Summoning/Air                4
   f - Summon Ice Beast               Ice/Summoning                4
 u - a book of Air

   Spells                             Type                      Level
   a - Shock                          Conjuration/Air              1
   b - Swiftness                      Charms/Air                   2
   c - Repel Missiles                 Charms/Air                   2
   d - Static Discharge               Conjuration/Air              3
   e - Lightning Bolt                 Conjuration/Air              5
 K - a book of the Sky

   Spells                             Type                      Level
   a - Summon Lightning Spire         Summoning/Air                4
   b - Airstrike                      Air                          4
   c - Silence                        Hexes/Air                    5
   d - Deflect Missiles               Charms/Air                   6
   e - Conjure Ball Lightning         Conjuration/Air              6
   f - Tornado                        Air                          9
Comestibles
 c - 8 bread rations
 N - a slice of pizza


   Skills:
 * Level 6.9 Fighting
 - Level 8.1 Short Blades
 - Level 12.0 Dodging
 * Level 12.4 Stealth
 - Level 5.1 Charms
 - Level 4.9 Summonings
 - Level 3.1 Air Magic
 - Level 10.0 Invocations


You had 2 spell levels left.
You knew the following spells:

 Your Spells              Type           Power        Failure   Level  Hunger
a - Call Canine Familiar  Summ           ###.....     12%         3    ####...
b - Repel Missiles        Chrm/Air       ###...       8%          2    ###....
c - Airstrike             Air            ##........   63%         4    #####..


Dungeon Overview and Level Annotations

Branches:
Dungeon (10/15)            Temple (0/1) D:5            Lair (4/8) D:10
  Swamp (0/4) Lair:4        Snake (0/4) Lair:4
    Orc: D:9-12

Altars:
Ashenzari
Cheibriados
Dithmenos
Elyvilon
Fedhas
Makhleb
Okawaru
Pakellas
Ru
Sif Muna
Trog
Xom
Yredelemnul
The Shining One

Shops:
D:8 (

Portals:
Trove: D:10 (give 4 potions of resistance)

Annotations:
D:5 Gottschkopf's ghost, novice DEFE
Abyss:1 Erica; Grinder; Pikel; Rupert


Innate Abilities, Weirdness & Mutations

You are tiny and cannot use many weapons and most armour.
You have supernaturally acute eyesight.
You are a herbivore.
You cover ground extremely quickly.
You need consume almost no food.
You have a pair of small horns on your head.
Your flesh is cold resistant.
You are very frail (-20% HP).
Your system is resistant to poisons.
Your muscles are strong. (Str +2)


Message History

The minotaur is lightly wounded.
The minotaur hits you with an iron rod. The minotaur gores you.
* * * LOW HITPOINT WARNING * * *
You hit the minotaur.
The minotaur is lightly wounded.
You puncture the minotaur!
The minotaur is moderately wounded.
Drink which item? (? for menu, Esc to quit)
A red film seems to cover your vision as you go berserk!
You feel yourself moving faster!
You feel mighty!
The minotaur hits you but does no damage.
The minotaur misses you.
You completely miss the minotaur.
The minotaur furiously retaliates!
The minotaur headbutts you.
* * * LOW HITPOINT WARNING * * *
The minotaur is moderately wounded.
You barely miss the minotaur. You headbutt the minotaur!
The minotaur is heavily wounded.
The minotaur hits you with an iron rod!!
You die...

# .# ## ###.### .
#. #. ...#
#.#.###.##..###
#.............#
.####.###@###.##
#......#..H..#..
######..###.###.#
.... ..# ... #
##### .# ≈<≈ #.##
#. #≈≈≈≈≈ ..# #..
###### .# # #.
..... . ...#
#.#.## . ..##.#


You could see a minotaur.

Vanquished Creatures
  3 spiny frogs
  Psyche (D:10)
  2 fire drakes (Lair:3)
  3 komodo dragons
  5 polar bears (Lair:1)
  5 blink frogs (Lair:3)
  Sigmund (D:3)
  A spriggan (D:7)
  15 yaks
  2 wyverns
  Eustachio (D:6)
  A fire bat (Volcano)
  A hungry ghost (D:9)
  8 hippogriffs
  A wolf (Lair:3)
  3 water moccasins
  2 porcupines
  2 orc warriors
  4 ice beasts
  A slave (D:7)
  A sky beast (D:10)
  7 black bears
  6 ogres
  2 necrophages
  2 phantoms
  5 centaurs
  3 crocodiles
  7 giant frogs
  A scorpion (D:7)
  6 killer bees (D:9)
  3 wights (D:7)
  3 crimson imps
  A giant frog zombie (D:7)
  A quasit (D:10)
  3 hounds
  3 orc priests
  A jelly (D:6)
  Ijyb (D:3)
  3 iguanas
  6 orc wizards
  5 worker ants
  A killer bee zombie (D:10)
  5 sheep (Lair:3)
  5 adders
  4 gnolls
  31 river rats
  A shadow imp (D:6)
  2 oozes (D:1)
  An adder skeleton (D:6)
  A worm (D:4)
  4 giant geckos
  29 orcs
  A ball python (D:6)
  7 bats
  9 giant cockroaches
  6 goblins
  9 hobgoblins
  6 jackals
  3 quokkas
  A giant gecko skeleton (D:6)
  2 giant newts
  6 kobolds
  A quokka skeleton (D:8)
  A quokka zombie (D:6)
  4 rats
272 creatures vanquished.

Vanquished Creatures (collateral kills)
  An adder (D:8)
1 creature vanquished.

Vanquished Creatures (others)
  2 hydras (Lair:1)
  A hill giant (D:10)
  A guardian mummy (D:10)
  A water moccasin (Lair:2)
  An orc warrior (Lair:2)
  An iguana (D:6)
  A hound zombie (D:7)
  An orc (D:7)
  4 fungi
  2 plants (Lair:1)
15 creatures vanquished.

Grand Total: 288 creatures vanquished

Notes
Turn   | Place    | Note
--------------------------------------------------------------
     0 | Abyss:1  | MrRokkomies the Spriggan Abyssal Knight began the quest for the Orb.
     0 | Abyss:1  | Reached XP level 1. HP: 11/11 MP: 3/3
    10 | D:1      | Escaped the Abyss
   231 | D:1      | Reached XP level 2. HP: 16/16 MP: 4/4
   819 | D:1      | Reached ** piety under Lugonu
   819 | D:1      | Reached XP level 3. HP: 19/19 MP: 5/5
  1038 | D:1      | Gained mutation: Your system is resistant to poisons. [potion of mutation]
  1038 | D:1      | Gained mutation: Your muscles are strong. (Str +2) [potion of mutation]
  1038 | D:1      | Gained mutation: You are frail (-10% HP). [potion of mutation]
  1780 | D:2      | Reached skill level 4 in Dodging
  1943 | D:2      | Reached XP level 4. HP: 9/21 MP: 6/6
  2564 | D:3      | Found a blossoming altar of Fedhas.
  2586 | D:3      | Noticed Sigmund
  2617 | D:3      | Killed Sigmund
  2617 | D:3      | Reached skill level 5 in Short Blades
  2617 | D:3      | Reached skill level 5 in Dodging
  2617 | D:3      | Reached XP level 5. HP: 16/25 MP: 7/7
  2879 | D:3      | Reached skill level 6 in Dodging
  2911 | D:3      | Noticed Ijyb
  2925 | D:3      | Killed Ijyb
  2934 | D:3      | Reached XP level 6. HP: 26/28 MP: 8/8
  2946 | D:3      | Gained mutation: Your flesh is cold resistant. [potion of mutation]
  2946 | D:3      | Gained mutation: You are very frail (-20% HP). [potion of mutation]
  2946 | D:3      | Gained mutation: You have a pair of small horns on your head. [potion of mutation]
  3487 | D:4      | Reached *** piety under Lugonu
  3552 | D:4      | Reached skill level 7 in Dodging
  4375 | D:4      | Reached XP level 7. HP: 19/28 MP: 9/9
  4787 | D:4      | Found a deep blue altar of Sif Muna.
  4792 | D:4      | Found a shimmering altar of Xom.
  4792 | D:4      | Found a bloodstained altar of Trog.
  4792 | D:4      | Found a shadowy altar of Dithmenos.
  4792 | D:4      | Found a shattered altar of Ashenzari.
  4793 | D:4      | Found an iron altar of Okawaru.
  4798 | D:4      | Found a snail-covered altar of Cheibriados.
  4799 | D:4      | Found a white marble altar of Elyvilon.
  4800 | D:4      | Found a sacrificial altar of Ru.
  4949 | D:5      | Entered Level 5 of the Dungeon
  5000 | D:5      | Noticed Gottschkopf's ghost (novice DEFE)
  5144 | D:5      | Found a shadowy altar of Dithmenos.
  5241 | D:5      | Reached skill level 8 in Dodging
  5495 | D:5      | Found a staircase to the Ecumenical Temple.
  5803 | D:5      | Found a basalt altar of Yredelemnul.
  5842 | D:5      | Found an oddly glowing altar of Pakellas.
  5862 | D:5      | Learned a level 3 spell: Call Canine Familiar
  5935 | D:5      | Got a bloodstained hand axe
  5936 | D:5      | Identified the cursed +0 hand axe "Suh Raxt" {flame, rN++ MP-9 Dex+4 SInv} (You found it on level 5 of the Dungeon)
  6363 | D:6      | Found a glowing golden altar of the Shining One.
  6415 | D:6      | Noticed Eustachio
  6439 | D:6      | Killed Eustachio
  6439 | D:6      | Reached XP level 8. HP: 32/32 MP: 11/11
  6674 | D:6      | Reached skill level 1 in Summonings
  7061 | D:6      | Found a burning altar of Makhleb.
  7081 | D:6      | Reached skill level 5 in Invocations
  7094 | D:6      | Reached **** piety under Lugonu
  7120 | D:6      | Noticed Grinder
  7130 | D:6      | Banished Grinder
  7158 | D:6      | Learned a level 2 spell: Repel Missiles
  7477 | D:7      | Reached XP level 9. HP: 14/35 MP: 14/14
  8026 | D:7      | Noticed Pikel
  8027 | D:7      | Banished Pikel
  8648 | D:8      | Reached skill level 1 in Charms
  8925 | D:8      | Reached skill level 1 in Air Magic
  9347 | D:8      | Found Tuuggowo's Weapon Boutique.
  9476 | D:9      | Reached XP level 10. HP: 39/39 MP: 17/17
  9627 | D:9      | Reached ***** piety under Lugonu
 10091 | D:9      | Reached skill level 5 in Charms
 10095 | D:9      | Identified a cursed +0 rod of ignition (10/10) (You found it on level 9 of the Dungeon)
 10375 | D:10     | Entered Level 10 of the Dungeon
 10375 | D:10     | Noticed a hill giant
 10490 | D:10     | Found a portal to a secret trove of treasure.
 10617 | D:10     | Noticed Erica
 10620 | D:10     | Banished Erica
 10620 | D:10     | Reached skill level 9 in Dodging
 10671 | D:10     | Banished a hill giant
 10671 | D:10     | Reached skill level 10 in Dodging
 10868 | D:10     | Found a staircase to the Lair.
 10903 | D:10     | Noticed Psyche
 10913 | D:10     | Paralysed by Psyche for 7 turns
 10922 | D:10     | Killed Psyche
 11209 | Lair:1   | Entered Level 1 of the Lair of Beasts
 11226 | Lair:1   | Reached skill level 10 in Invocations
 11250 | Lair:1   | Noticed a spiny frog
 11258 | Lair:1   | Killed a spiny frog
 11258 | Lair:1   | Reached skill level 11 in Dodging
 11272 | Lair:1   | Learned a level 4 spell: Airstrike
 11700 | Lair:1   | Noticed a six-headed hydra
 11701 | Lair:1   | Banished a six-headed hydra
 11701 | Lair:1   | Reached XP level 11. HP: 41/41 MP: 19/19
 11727 | Lair:1   | Noticed an eight-headed hydra
 11759 | Lair:1   | Banished an eight-headed hydra
 11759 | Lair:1   | Reached skill level 5 in Stealth
 11882 | Lair:1   | Reached skill level 12 in Dodging
 13749 | Lair:2   | Found a dark tunnel.
 13760 | Volcano  | Entered a volcano
 14086 | Lair:2   | Reached skill level 5 in Fighting
 14543 | Lair:2   | Reached skill level 10 in Stealth
 15187 | Lair:3   | Noticed Rupert
 15188 | Lair:3   | Banished Rupert
 16420 | Lair:3   | Reached XP level 12. HP: 21/49 MP: 20/20
 17570 | Lair:4   | Found a labyrinth entrance.
 17574 | Lair:4   | Found a staircase to the Swamp.
 17586 | Lab      | Entered a labyrinth
 17713 | Lab      | Noticed a minotaur
 17726 | Lab      | Mangled by a minotaur

Vault maps used:
D:1:      dpeg_arrival_boxorama
D:3:      nicolae_overflow_crystal_walls, first_bread,
          minmay_goblin_kobold_house, uniq_iyjb, uniq_sigmund
D:4:      minitemple
D:5:      yredelemnul_altar_generic, grunt_pakellas_salt,
          minmay_temple_entry_statues_pillars, kennysheep_pointless_box,
          nicolae_dithmenos_shadow_blocks
D:6:      kennysheep_mini, old_standard_altar, st_stairs_11, uniq_eustachio,
          uniq_grinder
D:7:      grunt_decor_cap, the_bakery, feat_on_display, uniq_pikel
D:8:      serial_shops, nicolae_shop_trees, minmay_misc_feat_room
D:9:      minmay_liquid_box
D:10:     lair_0_dummy, nicolae_trove_entry_path_of_doom, evilmike_butchery,
          uniq_erica, uniq_psyche
Lair:1:   beast_lair_carwin_large_1
Lair:2:   nicolae_volcano_entry_lava_flow
Lair:3:   uniq_rupert
Lair:4:   swamp_mist, guppyfry_snake_entry_garden, lab_entry_generic
Lab:      labyrinth_watery, nicolae_lab_grate_2
Volcano:  volcano_village

Action                   |  1- 3 |  4- 6 |  7- 9 | 10-12 || total
-------------------------+-------+-------+-------+-------++-------
Melee: Short sword       |    81 |       |       |       ||    81
       Dagger            |    35 |   136 |   373 |   869 ||  1413
       Falchion          |       |       |    46 |       ||    46
 Fire: Shortbow          |       |       |     5 |    36 ||    41
 Cast: Call Canine Famil |       |       |     3 |       ||     3
       Repel Missiles    |       |       |       |     1 ||     1
Invok: Banish            |       |       |     2 |    15 ||    17
Evoke: Wand              |       |       |       |     2 ||     2
       Rod               |       |       |       |     1 ||     1
  Use: Potion            |     2 |     2 |     2 |     5 ||    11
       Scroll            |       |     5 |    15 |    11 ||    31
 Stab: Sleeping          |     1 |       |       |    14 ||    15
       Distracted        |       |       |       |     2 ||     2
  Eat: Fruit             |       |     1 |       |     2 ||     3
       Bread ration      |       |       |     1 |     2 ||     3
       Pizza             |       |       |     1 |     2 ||     3
       Royal jelly       |       |       |       |     1 ||     1
